 Dungeon Crawl Stone Soup version 0.31-a0-542-gdc2a67831c (webtiles) character file.

Game seed: 10472920731942459321

177 Arcadio the Shooter (level 5, -13/42 HPs)
             Began as a Formicid Hunter on Aug 14, 2023.
             Was an Initiate of Cheibriados.
             Mangled by Pikel
             ... wielding a +1 whip of electrocution
              (15 damage)
             ... on level 4 of the Dungeon.
             The game lasted 00:11:13 (2962 turns).

Arcadio the Shooter (Formicid Hunter)               Turns: 2962, Time: 00:11:13

Health: -13/42     AC:  4    Str: 23    XL:     5   Next: 88%
Magic:  5/5        EV: 12    Int:  9    God:    Cheibriados [......]
Gold:   77         SH:  0    Dex: 20    Spells: 4/4 levels left

rFire   . . .        b - +0 double sword
rCold   . . .        (no shield)
rNeg    . . .        c - +0 leather armour
rPois   .            (helmet unavailable)
rElec   .            (no cloak)
rCorr   .            q - +0 pair of gloves
SInv    +            (no boots)
Will    .....        (no amulet)
Stlth   ++           r - +6 ring of strength
HPRegen 0.27/turn    (no ring)
MPRegen 0.09/turn

%: no passive effects
@: very slow
A: permanent stasis, dig shafts and tunnels, antennae 3, four strong arms
a: Dig, Shaft Self, Renounce Religion


You were on level 4 of the Dungeon.
You worshipped Cheibriados.
Cheibriados was noncommittal.
You visited 2 branches of the dungeon, and saw 5 of its levels.

You collected 179 gold pieces.
You spent 102 gold pieces at shops.

Inventory:

Hand Weapons
 a - a +0 shortbow
 b - a +0 double sword (weapon)
 h - a +0 dagger
 m - a +0 broad axe
Armour
 c - a +0 leather armour (worn)
 j - a +3 buckler
 q - a +0 pair of gloves (worn)
Jewellery
 r - a +6 ring of strength (left hand)
Scrolls
 e - a scroll of butterflies
 i - a scroll of noise {unknown}
 k - a scroll of enchant armour
 l - a scroll of vulnerability {unknown}
 o - a scroll of amnesia {unknown}
 p - a scroll of revelation {unknown}
Potions
 d - a potion of curing
 f - a potion of heal wounds
 g - a potion of mutation
 n - 2 potions of attraction


   Skills:
 + Level 3.7 Fighting
 + Level 4.9 Ranged Weapons
 + Level 2.8 Armour
 - Level 1.7 Dodging
 - Level 1.2 Stealth
 + Level 2.1 Shields


You had 4 spell levels left.
You didn't know any spells.
Your spell library was empty.

Dungeon Overview and Level Annotations

Branches:
Dungeon (4/15) Zot: 31799  Temple (1/1) D:4 Zot: 8761

Altars:
Cheibriados
Dithmenos
Elyvilon
Fedhas
Hepliaklqana
Kikubaaqudgha
Makhleb
Qazlal
Sif Muna
Trog
Uskayaw
Vehumet
Wu Jian
Xom
Yredelemnul
Zin
The Shining One

Shops:
D:1 *   D:3 !(([

Annotations:
D:3 3 runed translucent doors, soonmide's ghost, amateur DsVM
D:4 1 transporter, Edmund; Pikel


Innate Abilities, Weirdness & Mutations

You cannot be hasted, slowed, berserked, paralysed or teleported.
You can dig through walls and to a lower floor.
You have a pair of large antennae on your head. (SInv)
Your four strong arms can wield two-handed weapons with a shield.


Message History

The lemure moves out of view.
A lemure comes into view.
The lemure shouts!
Pikel, Merchant of Souls comes into view.
He is wielding a +1 whip of electrocution.
A lemure comes into view.
Pikel shouts!
The lemure shouts!
You slash the lemure!
The lemure is moderately wounded.
The lemure closely misses you. The lemure hits you but does no damage.
You slash the lemure!
The lemure is heavily wounded.
The lemure hits you.
A lemure comes into view.
You barely miss the lemure.
The lemure is heavily wounded.
The lemure misses you. The lemure barely misses you.
You hit the lemure but do no damage.
The lemure is heavily wounded.
You hear the quick rusting of a drain nearby.
You closely miss Pikel. Pikel barely misses you.
You barely miss Pikel.
Pikel hits you with a +1 whip of electrocution!
You hit Pikel.
Pikel is lightly wounded.
Pikel misses you.
Pikel hits you with a +1 whip of electrocution!
You closely miss Pikel.
Pikel is lightly wounded.
Pikel hits you with a +1 whip of electrocution!
You are electrocuted!
* * * LOW HITPOINT WARNING * * *
Unknown command.
You feel much better.
Pikel hits you with a +1 whip of electrocution.
Pikel hits you with a +1 whip of electrocution.
You begin to dig a shaft.
You continue digging a shaft.
Pikel hits you with a +1 whip of electrocution!
* * * LOW HITPOINT WARNING * * *
You are electrocuted!
You die...

#...).# #...###
#########..=†########
................>...#
#########.##........#
#.####......# #.#
#.#.#### ..# #...#
### ###@# #K# #5# #5#
#5# ,.5. © ... .. ...
P.


You could see Pikel and 4 lemures.

Vanquished Creatures
  An orc priest (D:3)
  4 adders
  2 worms
  3 dart slugs
  5 orcs (D:3)
  6 endoplasms
  8 giant cockroaches
  8 goblins
  10 hobgoblins
  4 jackals (D:1)
  7 kobolds
  2 quokkas (D:2)
  11 ball pythons
  8 bats
  3 frilled lizards
  5 rats
87 creatures vanquished.

Notes
Turn   | Place    | Note
-------+----------+-------------------------------------------
     0 | D:1      | Arcadio the Formicid Hunter began the quest for the Orb.
     0 | D:1      | Reached XP level 1. HP: 16/16 MP: 1/1
    62 | D:1      | Reached XP level 2. HP: 23/23 MP: 2/2
   110 | D:1      | Reached skill level 1 in Armour
   240 | D:1      | Reached XP level 3. HP: 15/28 MP: 3/3
   481 | D:1      | Found Utelih's Assorted Antiques.
   831 | D:2      | Reached XP level 4. HP: 24/35 MP: 4/4
  1269 | D:2      | Reached skill level 1 in Shields
  1269 | D:2      | Reached XP level 5. HP: 20/41 MP: 5/5
  1590 | D:3      | Found Daklos's Antique Weapon Shoppe.
  1615 | D:3      | Bought a broad axe for 92 gold pieces
  1882 | D:3      | Found a faded altar of an unknown god.
  1938 | D:3      | Found Rutack's Antique Weapon Shop.
  1948 | D:3      | Found Nucumat's Antique Armour Emporium.
  1960 | D:3      | Found a hazy altar of Hepliaklqana.
  2004 | D:3      | Found a runed translucent gate.
  2006 | D:3      | Found a runed translucent gate.
  2008 | D:3      | Found a runed translucent gate.
  2009 | D:3      | Noticed soonmide's ghost (amateur DsVM)
  2020 | D:3      | Found Suireise's Distillery.
  2026 | D:3      | Bought a potion of degeneration for 10 gold pieces
  2077 | D:3      | Found a white marble altar of Elyvilon.
  2085 | D:3      | Became a worshipper of Elyvilon the Healer
  2162 | D:3      | Found a bloodstained altar of Trog.
  2162 | D:3      | Found a basalt altar of Yredelemnul.
  2162 | D:3      | Found a shimmering blue altar of Sif Muna.
  2602 | D:4      | Found a staircase to the Ecumenical Temple.
  2632 | Temple   | Entered the Ecumenical Temple
  2783 | Temple   | Fell from the grace of Elyvilon
  2783 | Temple   | Became a worshipper of Cheibriados the Contemplative
  2908 | D:4      | Noticed Edmund
  2915 | D:4      | Found a transporter.
  2948 | D:4      | Noticed a lemure
  2949 | D:4      | Noticed a lemure
  2949 | D:4      | Noticed Pikel
  2951 | D:4      | Noticed a lemure
  2953 | D:4      | Noticed a lemure
  2959 | D:4      | HP: 1/42 [Pikel/+1 whip of electrocution (12)]
  2962 | D:4      | Mangled by Pikel

Illustrated notes

Levels and vault maps discovered:
D:1:      scummos_arrival_star, layout_loops_ring, serial_shops, shop_fountains,
          minmay_misc_feat_more_columns
D:2:      layout_rooms, minmay_pentomino_q4
D:3:      layout_loops_cross, nicolae_hepliaklqana_hazy_memory,
          gammafunk_temple_overflow_forgotten, lemuel_round_altar,
          gammafunk_ghost_split, ebering_ecumenical_altar_box, serial_shops,
          shop, shop, nicolae_shop_tiny_glass, shop
D:4:      gammafunk_wand_slinger, layout_basic, minmay_temple_entry_slanted,
          serial_shops, kennysheep_mini_moat, gup_sewer_entry_bubbles,
          moated_statue, uniq_edmund, uniq_pikel
Temple:   nicolae_temple_ecumenical_triangle

Skill      XL: |  1  2  3  4  5 |
---------------+----------------+-----
Armour         | 1 2 |  2.8
Fighting       | 3 |  3.7
Shields        | 1 2 |  2.1
Ranged Weapons | |  4.9
Dodging        | |  1.7
Stealth        | |  1.2

Action                     |  1- 3 |  4- 6 || total
---------------------------+-------+-------++-------
  Melee: Dagger            |    97 |    85 ||   182
         Punch             |     2 |     2 ||     4
         Double sword      |       |    53 ||    53
         Broad axe         |       |    11 ||    11
   Fire: Shortbow          |    47 |    77 ||   124
Ability: Shaft Self        |       |     1 ||     1
    Use: Scroll            |       |     6 ||     6
         Potion            |       |     3 ||     3
 Armour: Leather armour    |    33 |    47 ||    80
  Dodge: Dodged            |    80 |   131 ||   211

Table legend: (Time is in decaauts)
 A = Elapsed time spent in this place.
 B = Non-inter-level travel time spent in this place.
 C = Inter-level travel time spent in this place.
 D = Time resting spent in this place.
 E = Time spent auto-exploring this place.
 F = Levels seen in this place.
 G = Mean time per level.
                   A        B        C        D        E       F      G
               +--------+--------+--------+--------+--------+-----+--------+
         Total |   3031 |   2956 |     75 |    298 |   1730 |   5 |  606.2 |
       Dungeon |   2869 |   2794 |     75 |    172 |   1730 |   4 |  717.2 |
        Temple |    162 |    162 |      0 |    126 |      0 |   1 |  162.0 |
               +--------+--------+--------+--------+--------+-----+--------+

Top non-repeatable levels by time:
     D:3: 1023 daAuts
     D:1: 822 daAuts
     D:2: 737 daAuts
     D:4: 287 daAuts
  Temple: 162 daAuts
